[Event "*** Titled Tuesday Blitz"]
[Site "Chess.com"]
[Date "2021.02.16"]
[Round "4"]
[White "grandcoach"]
[Black "Leo_C"]
[Result "1-0"]
[WhiteElo "2240"]
[BlackElo "2416"]
[TimeControl "180+1"]
[EndTime "10:41:46 PST"]
[Termination "grandcoach won by checkmate"]

1. e4 c6 2. d4 d5 3. e5 c5 4.
dxc5 e6 5. Be3 Nh6 6. Bxh6 gxh6 7. Qh5 Bxc5 8. f4 Bxg1 9. Rxg1 Qb6 10. Nc3 Qxb2 11.
Nb5 Qxa1+ 12. Kd2 O-O 13. Qxh6 f5 14. g4 Rf7 15. gxf5+ Kh8 16. Nd6 Qd4+ 17. Bd3 Qf2+ 18. Be2 Qd4+ 19. Bd3 Qf2+ 20. Kc3 Qc5+ 21. Kb2 Qb4+ 22.
Kc1 Qa3+ 23. Kd1 Qxd6 24. exd6 exf5 25. Qg5 Nc6 26. Qg8# 1-0

[Event "*** Titled Tuesday Blitz"]
[Site "Chess.com"]
[Date "2021.02.16"]
[Round "4"]
[White "kuba2006"]
[Black "MuhittinBuker"]
[Result "1-0"]
[WhiteElo "2386"]
[BlackElo "2070"]
[TimeControl "180+1"]
[EndTime "10:41:46 PST"]
[Termination "kuba2006 won by checkmate"]

1. e4 e5 2. Nf3 Nc6 3. Bb5 a6 4. Ba4 Nf6 5. O-O Be7 6. Re1 b5 7. Bb3 O-O 8. d4 exd4 9. e5 Ng4 10.
h3 Nh6 11. Bxh6 gxh6 12. Nxd4 Nxd4 13. Qxd4 d6 14. Nc3 c5 15. Qe4 Rb8 16. Bd5 b4 17.
Ne2 dxe5 18. Rad1 Qb6 19. Qxe5 Bf6 20. Qf4 Bg7 21. Ng3 Bb7 22. Bxb7 Rxb7 23. Rd6 Qc7 24. Nf5 Kh8 25. Nxg7 Kxg7 26. Qxh6+ Kg8 27. Qg5+ Kh8 28. Qf6+ Kg8 29. Re3 Rfb8 30. Rg3+ Kf8 31. Qh6+ Ke7 32. Re3# 1-0

[Event "*** Titled Tuesday Blitz"]
[Site "Chess.com"]
[Date "2021.02.16"]
[Round "4"]
[White "Kurkusha"]
[Black "fyall777"]
[Result "0-1"]
[WhiteElo "2353"]
[BlackElo "2512"]
[TimeControl "180+1"]
[EndTime "10:41:47 PST"]
[Termination "fyall777 won on time"]

1. d4 Nf6 2. Nf3 e6 3. c4 b6 4. Nc3 Bb7 5. g3 Bb4 6. Bg2 O-O 7. O-O Bxc3 8. bxc3 d6 9. Qc2 Be4 10. Qb2 Nbd7 11.
Bf4 Qc8 12. Nd2 Bxg2 13. Kxg2 Qb7+ 14. f3 e5 15. Bg5 e4 16. d5 Rfe8 17. Rae1 h6 18.
Bxf6 Nxf6 19. Qb1 e3 20. Ne4 Nxe4 21. fxe4 Re7 22. Rf3 Rae8 23. Ref1 f6 24. Rxe3 Qa6 25.
Qd3 Qxa2 26. Rf4 Re5 27. Rg4 a5 28. Rf3 Kh7 29. Rf1 a4 30. Rgf4 a3 31. Rb1 Kg8 32. Kf3 f5 33. Rxf5 Rxe4 34. Rf1 Re3+ 35. Qxe3 Rxe3+ 36. Kxe3 Qxc4 37. Rf8+ Kh7 38. Ra8 Qxc3+ 39. Ke4 Qb2 40. Rff8 Qxe2+ 41. Kf5 Qe5+ 42. Kg4 Qxd5 0-1

[Event "*** Titled Tuesday Blitz"]
[Site "Chess.com"]
[Date "2021.02.16"]
[Round "4"]
[White "BigAl"]
[Black "Ginger_GM"]
[Result "0-1"]
[WhiteElo "2466"]
[BlackElo "2637"]
[TimeControl "180+1"]
[EndTime "10:41:48 PST"]
[Termination "Ginger_GM won on time"]

1. b3 e5 2. Bb2 e4 3. c4 c6 4. d3 e3 5. fxe3 d5 6. Nf3 Nf6 7. Nc3 Bc5 8. Qd2 O-O 9. Na4 Be7 10.
g4 Nxg4 11. h4 Bf6 12. cxd5 cxd5 13. Rg1 Nc6 14. O-O-O g6 15. Kb1 Re8 16. Ng5 Nxe3 17. Rc1 Bf5 18. Nc5 Bxb2 19. Qxb2 d4 20. Nxb7 Qd7 21.
Nc5 Qd6 22. Nce4 Bxe4 23. Nxe4 Qe6 24. Ng5 Qd5 25. Bh3 a5 26. h5 a4 27. hxg6 hxg6 28. b4 a3 29. Qd2 Rab8 30. Ka1 Rxb4 31. Ne4 Rxe4 32. dxe4 Qxe4 33. Rxc6 Qxc6 34. Rc1 Qb6 0-1

[Event "*** Titled Tuesday Blitz"]
[Site "Chess.com"]
[Date "2021.02.16"]
[Round "4"]
[White "azikom"]
[Black "Chesseyat004"]
[Result "1/2-1/2"]
[WhiteElo "2643"]
[BlackElo "2480"]
[TimeControl "180+1"]
[EndTime "10:41:49 PST"]
[Termination "Game drawn by repetition"]

1. d4 Nf6 2. Nf3 e6 3. c4 d5 4. Nc3 c5 5. cxd5 Nxd5 6. e3 cxd4 7. exd4 Nxc3 8. bxc3 Qc7 9. Bd2 Nd7 10. Bd3 Bd6 11. O-O b6 12. Re1 Bb7 13. h3 O-O 14. a4 h6 15. a5 Bf4 16. Bxf4 Qxf4 17. Nd2 Nf6 18. Nf1 Rac8 19. axb6 axb6 20. Qc1 Nd5 21. Be4 Qxc1 22. Raxc1 Nxc3 23. Bxb7 Ne2+ 24. Rxe2 Rxc1 25. g3 Rb8 26. Bg2 b5 27. Rb2 b4 28. d5 b3 29.
dxe6 fxe6 30. Be4 Rb4 31. Bg6 Kf8 32. Kg2 Ke7 33. Nd2 Rc3 34. Bb1 g5 35. Ne4 Rc1 36. Nd2 Rc3 37. Bh7 Kf8 38. Bb1 Ke7 1/2-1/2

[Event "*** Titled Tuesday Blitz"]
[Site "Chess.com"]
[Date "2021.02.16"]
[Round "4"]
[White "Sanyura"]
[Black "Oleksandr_Bortnyk"]
[Result "0-1"]
[WhiteElo "2742"]
[BlackElo "2936"]
[TimeControl "180+1"]
[EndTime "10:41:50 PST"]
[Termination "Oleksandr_Bortnyk won by resignation"]

1. e4 Nf6 2. e5 Nd5 3. d4 d6 4.
Nf3 dxe5 5. Nxe5 c6 6. Bd3 Nd7 7. Nf3 N7f6 8. O-O Nb4 9. Be2 Bf5 10. Na3 e6 11. c3 Nbd5 12. Nc4 Be7 13. a4 O-O 14. a5 Qc7 15. Re1 c5 16. Nfe5 cxd4 17. cxd4 Rfd8 18. Bd2 Ne4 19. Be3 Bb4 20. Rf1 Rac8 21.
Rc1 Qe7 22. Qa4 Nxe3 23. Nxe3 Rxc1 24. Rxc1 Bd2 25. Rd1 Bxe3 26. fxe3 Qh4 27. Rf1 Nd2 28. Rf2 Qe4 29. Qb4 Qxe3 30. Qe7 Rf8 31. h3 Ne4 32. Nd3 0-1

[Event "*** Titled Tuesday Blitz"]
[Site "Chess.com"]
[Date "2021.02.16"]
[Round "4"]
[White "Arseniy_Nesterov"]
[Black "aa175"]
[Result "1-0"]
[WhiteElo "2808"]
[BlackElo "2606"]
[TimeControl "180+1"]
[EndTime "10:41:50 PST"]
[Termination "Arseniy_Nesterov won on time"]

1. d4 Nf6 2. c4 g6 3. Nc3 d5 4. cxd5 Nxd5 5. e4 Nxc3 6. bxc3 Bg7 7. Qa4+ c6 8. Nf3 O-O 9. Be2 c5 10. O-O Nc6 11. Be3 Bg4 12. Rad1 Qc7 13. e5 Rfd8 14. h3 Bd7 15. Qa3 cxd4 16. cxd4 Be6 17. Rb1 Bd5 18.
Rfc1 Qd7 19. Nd2 Rac8 20. Bg4 Be6 21. Bxe6 Qxe6 22. Rxb7 Nxd4 23. Rxc8 Qxc8 24. Qxe7 Qc1+ 25. Kh2 Rf8 26. Bxd4 Qxd2 27. Be3 Qd5 28. Bf4 Qxa2 29. Bg3 a5 30. Ra7 a4 31. Qd7 Qb2 32. e6 Qf6 33. e7 1-0

[Event "*** Titled Tuesday Blitz"]
[Site "Chess.com"]
[Date "2021.02.16"]
[Round "4"]
[White "Jospem"]
[Black "crazy_but_lazy"]
[Result "1-0"]
[WhiteElo "3008"]
[BlackElo "2504"]
[TimeControl "180+1"]
[EndTime "10:41:50 PST"]
[Termination "Jospem won on time"]

1. e4 c5 2. Nf3 d6 3. c3 Nf6 4. h3 e6 5. Bd3 Be7 6. Bc2 a6 7. d4 b6 8. e5 dxe5 9. dxe5 Qxd1+ 10. Kxd1 Nd5 11. Nbd2 Bb7 12. Ne4 Nd7 13. Ke2 O-O-O 14. Rd1 f5 15. Neg5 Bxg5 16. Bxg5 Rde8 17. h4 h6 18. Bd2 g5 19. hxg5 hxg5 20. Bxg5 Rhg8 21.
Bd2 Rxg2 22. Rg1 Reg8 23. Rxg2 Rxg2 24. Rh1 Rg6 25. Rh8+ Kc7 26. Rh7 Bc6 27. c4 Nb4 28. Bxb4 cxb4 29. Nd4 Be4 30. Bxe4 fxe4 31. Ke3 Kd8 32.
Kxe4 Nc5+ 33. Ke3 Rg1 34. Nc6+ Ke8 35. Nxb4 Re1+ 36. Kd2 Rxe5 37. Ra7 Rf5 38. Ke2 Re5+ 39. Kf1 a5 40. Na6 1-0

[Event "*** Titled Tuesday Blitz"]
[Site "Chess.com"]
[Date "2021.02.16"]
[Round "4"]
[White "MasterKroket"]
[Black "IAgrest"]
[Result "1-0"]
[WhiteElo "2508"]
[BlackElo "2288"]
[TimeControl "180+1"]
[EndTime "10:41:50 PST"]
[Termination "MasterKroket won on time"]

1. d4 Nf6 2. c4 g6 3. Nc3 Bg7 4. e4 d6 5. h3 O-O 6. Bg5 Na6 7. Nf3 e5 8. d5 h6 9. Be3 Nh5 10. g3 Qe8 11. Be2 f5 12. exf5 gxf5 13. Nxe5 Nxg3 14. fxg3 Qxe5 15. Bf4 Qe7 16. Qd2 Nc5 17. O-O-O Qf6 18. Rdf1 Bd7 19. g4 Rae8 20. g5 hxg5 21. Bxg5 Qd4 22. Bh5 Rb8 23. Rhg1 Kh8 24. Be3 Qxd2+ 25. Kxd2 Ne4+ 26. Nxe4 fxe4 27. Bf7 b5 28. c5 Bxb2 29.
Rf4 Rxf7 30. Rxf7 Rd8 31. c6 Bc8 32. Rxc7 a5 33. Bf4 b4 34. Bxd6 Rxd6 35. Rxc8+ Kh7 36.
Rc7+ Kh6 37. Rd7 Rf6 38. c7 Bc3+ 39. Ke3 Rf8 40. Rd8 Rf3+ 41. Kxe4 1-0

[Event "*** Titled Tuesday Blitz"]
[Site "Chess.com"]
[Date "2021.02.16"]
[Round "4"]
[White "LenkaPtacnikova"]
[Black "andrzej"]
[Result "1/2-1/2"]
[WhiteElo "2112"]
[BlackElo "2320"]
[TimeControl "180+1"]
[EndTime "10:41:50 PST"]
[Termination "Game drawn by repetition"]

1. e4 c5 2. Nf3 e6 3. d4 cxd4 4.
Nxd4 Nf6 5. Bd3 Nc6 6. Nxc6 bxc6 7.
c4 Bb4+ 8. Bd2 a5 9. e5 Ng8 10. O-O Ne7 11. Nc3 Ng6 12. f4 Rb8 13. b3 Qb6+ 14. Kh1 Qd4 15. Bxg6 hxg6 16. Rc1 Bb7 17.
Qe2 Bxc3 18. Bxc3 Qb6 19. Qf2 c5 20. Rfd1 Bc6 21. Rd6 Ke7 22. Rcd1 Rh3 23. R6d3 Rbh8 24. Rxh3 Rxh3 25. Bd2 Rh5 26. Be3 Qb7 27. Bxc5+ Ke8 28. Kg1 g5 29. Rd2 gxf4 30. Qxf4 Rf5 31. Qd4 Qc7 32. Bd6 Qb7 33. Bc5 Qc7 34. Bd6 Qb7 35. Bc5 1/2-1/2

[Event "*** Titled Tuesday Blitz"]
[Site "Chess.com"]
[Date "2021.02.16"]
[Round "4"]
[White "mbojan"]
[Black "Msb2"]
[Result "0-1"]
[WhiteElo "2632"]
[BlackElo "2857"]
[TimeControl "180+1"]
[EndTime "10:41:51 PST"]
[Termination "Msb2 won by resignation"]

1. d4 d5 2. g3 Nf6 3. Bg2 Bf5 4. Nf3 e6 5. c4 c6 6. O-O h6 7. Nc3 Nbd7 8. cxd5 exd5 9. Ne5 Bd6 10. Bf4 Qe7 11.
Nxd7 Qxd7 12. Bxd6 Qxd6 13. Qd2 O-O 14. Qf4 Qe6 15.
Rfe1 Rfe8 16. Rac1 Rad8 17. b4 g5 18. Qd2 Ne4 19. Bxe4 Bxe4 20. f3 Bg6 21. Nd1 Qd6 22. Nf2 Re7 23. Rc5 Rde8 24. b5 cxb5 25. Rxb5 Rc8 26. Rb2 b6 27. Ng4 Bf5 28. Ne3 Bd7 29.
Rc1 Rce8 30. Rc3 f5 31. Nd1 Rxe2 32. Qxe2 Rxe2 33. Rxe2 Qb4 34. Rc7 Qxd4+ 35. Nf2 Qa1+ 36. Kg2 Bb5 37. Rc8+ Kf7 38. Rc7+ Kf6 39. Rce7 Bxe2 40. Rxe2 Qc3 41. f4 g4 42. Re5 d4 43. Rd5 Qf3+ 0-1

[Event "*** Titled Tuesday Blitz"]
[Site "Chess.com"]
[Date "2021.02.16"]
[Round "4"]
[White "Harry_Rakkel"]
[Black "Nastya_Rakhmangulova"]
[Result "1-0"]
[WhiteElo "2689"]
[BlackElo "2491"]
[TimeControl "180+1"]
[EndTime "10:41:51 PST"]
[Termination "Harry_Rakkel won by checkmate"]

1. d4 Nf6 2. c4 g6 3. Nc3 Bg7 4.
e4 d6 5. f3 O-O 6. Nge2 a6 7.
g4 h5 8. gxh5 Nxh5 9. Ng3 Nxg3 10.
hxg3 c5 11. d5 b5 12. Bh6 Be5 13. f4 Bg7 14. cxb5 axb5 15. Bxb5 Ba6 16. Bxg7 Kxg7 17. Qd2 Rh8 18. Rf1 Nd7 19. Bxa6 Rxa6 20. O-O-O f6 21. g4 c4 22. g5 Nc5 23. gxf6+ exf6 24. Kb1 Nd3 25. e5 Rb6 26. Na4 Rb4 27. Qc2 Qa5 28. exf6+ Kf7 29. f5 gxf5 30. Qg2 Rg8 31. Qh3 Qxa4 32.
Qh7+ Kxf6 33. Rxf5# 1-0

[Event "*** Titled Tuesday Blitz"]
[Site "Chess.com"]
[Date "2021.02.16"]
[Round "4"]
[White "IceBelka"]
[Black "Nbk90"]
[Result "1-0"]
[WhiteElo "2408"]
[BlackElo "2554"]
[TimeControl "180+1"]
[EndTime "10:41:51 PST"]
[Termination "IceBelka won on time"]

1. e4 d6 2. d4 Nf6 3. Nc3 g6 4. Be3 a6 5. Qd2 b5 6. Bd3 Bb7 7. f3 Nbd7 8. h4 h5 9. Nh3 c5 10. Ng5 cxd4 11. Bxd4 Bg7 12. O-O-O e5 13. Be3 b4 14. Ne2 d5 15. exd5 O-O 16. d6 a5 17. Kb1 Nd5 18. Be4 N7f6 19. Bxd5 Nxd5 20. Ne4 Bc6 21. Bh6 a4 22. g4 hxg4 23. h5 gxf3 24.
Bxg7 Kxg7 25. hxg6 Rh8 26. N2g3 Nf4 27. Nf5+ Kxg6 28. Ne7+ Kg7 29. Rdg1+ Ng6 30. Nf5+ 1-0

[Event "*** Titled Tuesday Blitz"]
[Site "Chess.com"]
[Date "2021.02.16"]
[Round "4"]
[White "onnoelgersma"]
[Black "Ajedrez_con_German"]
[Result "1-0"]
[WhiteElo "2446"]
[BlackElo "2608"]
[TimeControl "180+1"]
[EndTime "10:41:52 PST"]
[Termination "onnoelgersma won by checkmate"]

1. e4 e6 2. Nf3 d5 3. Nc3 dxe4 4. Nxe4 Nd7 5. g3 Be7 6. Bg2 Ngf6 7. Qe2 O-O 8. O-O c6 9. Rd1 Nxe4 10. Qxe4 Bf6 11. d4 Re8 12. c4 Qa5 13. Bf4 Nf8 14. a3 Ng6 15. Be3 e5 16. b4 Qc7 17. d5 Be7 18. g4 Rf8 19. g5 f5 20. gxf6 gxf6 21. dxc6 bxc6 22. Nh4 f5 23. Qxc6 Qxc6 24. Bxc6 Nxh4 25. Bxa8 f4 26. Bc5 Bxc5 27. bxc5 Bg4 28. Bd5+ Kg7 29. c6 Bxd1 30. Rxd1 Rc8 31. Rb1 Nf5 32. Be6 Rxc6 33.
Bxf5 Rxc4 34. Rb7+ Kf6 35. Bxh7 f3 36. h3 Rc1+ 37. Kh2 Kg5 38. Kg3 Rc3 39. h4+ Kh6 40. Be4 Rxa3 41. Rh7# 1-0

[Event "*** Titled Tuesday Blitz"]
[Site "Chess.com"]
[Date "2021.02.16"]
[Round "4"]
[White "anskam"]
[Black "Hangar-18"]
[Result "0-1"]
[WhiteElo "1719"]
[BlackElo "2381"]
[TimeControl "180+1"]
[EndTime "10:41:52 PST"]
[Termination "Hangar-18 won by checkmate"]

1. e4 c6 2. d4 d5 3. Nc3 dxe4 4.
Nxe4 Bf5 5. Ng3 Bg6 6. Nf3 Nd7 7. h4 h6 8. h5 Bh7 9. Bd3 Bxd3 10. Qxd3 e6 11.
c3 Ngf6 12. Bf4 Qa5 13. a3 Qa4 14. O-O Be7 15. Ne5 O-O 16. c4 Rad8 17. b3 Qa5 18. b4 Nxe5 19. Bxe5 Qxe5 20. dxe5 Rxd3 21. exf6 Bxf6 22. Ra2 Bd4 23. c5 Rxg3 24. Rd2 Rg4 25. Rfd1 e5 26. Kf1 Rg5 27. f4 Rf5 28. g3 Rxh5 29.
fxe5 Rh1+ 30. Kg2 Rxd1 31. Rxd1 Bxe5 32. Rd7 Rb8 33. Kf3 Kf8 34. g4 Ke8 35. Rd3 Ke7 36.
Ke4 f6 37. Kf5 Rd8 38. Re3 Kf7 39. Ke4 Rd4+ 40. Kf3 Rc4 41. Re4 Rxe4 42. Kxe4 Ke6 43. a4 g6 44. b5 cxb5 45. axb5 f5+ 46. gxf5+ gxf5+ 47. Kf3 Kd5 48. c6 bxc6 49. bxc6 Kxc6 50. Ke3 a5 51. Kd3 a4 52. Kc4 f4 53. Kb4 f3 54.
Kxa4 f2 55. Kb3 f1=Q 56. Kb4 Qf4+ 57. Kb3 Kc5 58. Kc2 Kc4 59. Kd1 Qf2 60. Kc1 Kc3 61. Kd1 Qd2# 0-1

[Event "*** Titled Tuesday Blitz"]
[Site "Chess.com"]
[Date "2021.02.16"]
[Round "4"]
[White "tteshan"]
[Black "Er_is_geen_hoop_meer"]
[Result "1-0"]
[WhiteElo "2342"]
[BlackElo "2438"]
[TimeControl "180+1"]
[EndTime "10:41:53 PST"]
[Termination "tteshan won by checkmate"]

1. d4 Nf6 2. c4 e6 3. Nc3 Bb4 4.
e3 O-O 5. Bd3 c5 6. a3 Bxc3+ 7.
bxc3 d5 8. Ne2 Nc6 9. O-O b6 10. cxd5 exd5 11. Ng3 c4 12. Bc2 Bb7 13. a4 Re8 14.
Ba3 g6 15. h4 h5 16. Ne2 Kg7 17. Nf4 Ne4 18. Bxe4 Rxe4 19. g3 Ne7 20. a5 bxa5 21.
Bc5 Nf5 22. Ng2 Bc6 23. Qc1 a6 24. Qa3 a4 25. Rfb1 Bb5 26. Qc1 Qd7 27. f3 Re6 28.
Kf2 Rae8 29. Rb2 Nxe3 30. Nxe3 Rxe3 31. Qxe3 Rxe3 32. Kxe3 Qh3 33. Rg1 Qf5 34. Kf2 Qd3 35. Rc1 Bd7 36. Bd6 Bh3 37. Be5+ f6 38. Rb7+ Kf8 39.
Bf4 a3 40. Re1 Qc2+ 41. Re2 Qxc3 42. Bh6+ Kg8 43. Re8# 1-0

[Event "*** Titled Tuesday Blitz"]
[Site "Chess.com"]
[Date "2021.02.16"]
[Round "4"]
[White "Grandelicious"]
[Black "olksuna"]
[Result "1-0"]
[WhiteElo "2891"]
[BlackElo "2696"]
[TimeControl "180+1"]
[EndTime "10:41:54 PST"]
[Termination "Grandelicious won on time"]

1. Nf3 Nf6 2. g3 b6 3. Bg2 Bb7 4. O-O c5 5. d3 g6 6. e4 Bg7 7. Nc3 O-O 8. e5 Nd5 9. Re1 d6 10. exd6 Qxd6 11. Ne4 Qd7 12. h4 Nc6 13. h5 Rad8 14. h6 Bh8 15. Rb1 Rfe8 16. Bd2 Nd4 17. c3 Nxf3+ 18. Qxf3 Ba8 19. Qe2 f5 20. Ng5 e5 21.
Rbd1 Bf6 22. Bc1 Kh8 23. Ne4 Be7 24. Qc2 Qc7 25. Ng5 Bf6 26. Qb3 Bc6 27. Re2 b5 28.
Rde1 a5 29. a4 bxa4 30. Qc4 Qd7 31. Qxc5 Rc8 32. Qd6 Rcd8 33. Bxd5 Qxd6 34. Nf7+ Kg8 35. Nxd6+ Bxd5 36. Nxe8 Rxe8 37. Bf4 Bf3 38. Re3 e4 39. Rxf3 1-0

[Event "*** Titled Tuesday Blitz"]
[Site "Chess.com"]
[Date "2021.02.16"]
[Round "4"]
[White "Zurability"]
[Black "zimmm36"]
[Result "1-0"]
[WhiteElo "2603"]
[BlackElo "2276"]
[TimeControl "180+1"]
[EndTime "10:41:54 PST"]
[Termination "Zurability won by resignation"]

1. c4 c5 2. Nf3 Nf6 3. d4 g6 4. d5 Bg7 5. Nc3 O-O 6. e4 e6 7. Be2 exd5 8. exd5 Re8 9. O-O Ne4 10. Nxe4 Rxe4 11.
Bd3 Re8 12. Bf4 d6 13. h3 Bxb2 14. Rb1 Bg7 15. Re1 Rxe1+ 16. Qxe1 Na6 17. Ng5 Nb4 18. Bf1 Bf5 19. Rb3 Qd7 20. a3 Nc2 21. Qd1 Re8 22. g4 Nd4 23. gxf5 Qxf5 24. Re3 Rxe3 25. Bxe3 Bh6 26.
Bd3 Qf6 27. h4 Nf5 28. Qf3 Qa1+ 29. Kh2 f6 30. Bxf5 fxg5 31. Be6+ Kh8 32. hxg5 Bg7 33. Qf7 Be5+ 34. Kg2 1-0

[Event "*** Titled Tuesday Blitz"]
[Site "Chess.com"]
[Date "2021.02.16"]
[Round "4"]
[White "beto-betun"]
[Black "thechesscorner64"]
[Result "0-1"]
[WhiteElo "2191"]
[BlackElo "2421"]
[TimeControl "180+1"]
[EndTime "10:41:54 PST"]
[Termination "thechesscorner64 won by resignation"]

1. d4 Nf6 2. Nf3 e6 3. g3 b6 4. Bg2 Bb7 5. O-O c5 6. c4 cxd4 7. Nxd4 Bxg2 8. Kxg2 Qc7 9. b3 Be7 10. Bb2 O-O 11. Nd2 d6 12. Rc1 Nbd7 13. N2f3 Ne5 14. Nb5 Qb8 15. Nxe5 dxe5 16. Qc2 a6 17. Nc3 Qb7+ 18.
Kg1 Rfd8 19. Rcd1 h6 20. Rd2 Rxd2 21. Qxd2 b5 22. cxb5 axb5 23. Rd1 Rd8 24. Qc2 Rc8 25. Qd2 Bb4 26. a3 Ne4 27. axb4 Nxd2 28. Rxd2 Qc6 29. f3 f6 30. Kg2 Kh7 31. Ne4 Ra8 32. Nc5 Ra2 33.
Kf2 Qe8 34. h4 Qg6 35. Ne4 f5 36. Nc5 f4 37. g4 Qb1 38. Ne4 Rxb2 39. Rxb2 Qxb2 40.
g5 hxg5 41. Nxg5+ Kg6 42. Nxe6 Qxb3 43. Nc5 Qxb4 44. Ne4 Qd4+ 45. Kg2 b4 46. h5+ Kxh5 0-1

[Event "*** Titled Tuesday Blitz"]
[Site "Chess.com"]
[Date "2021.02.16"]
[Round "4"]
[White "Kale36"]
[Black "PowerThinking2650"]
[Result "0-1"]
[WhiteElo "2217"]
[BlackElo "2420"]
[TimeControl "180+1"]
[EndTime "10:41:54 PST"]
[Termination "PowerThinking2650 won by resignation"]

1. b3 Nf6 2. Bb2 d5 3. e3 Bf5 4. Nf3 e6 5. d4 Be7 6. Bd3 Bg6 7.
O-O O-O 8. Nbd2 c5 9. Ne5 Nfd7 10. Nxg6 hxg6 11. e4 cxd4 12. exd5 e5 13. c4 dxc3 14. Bxc3 Nc5 15. Bc4 Nbd7 16. Rc1 Rc8 17. Bb4 Nb6 18. Ba5 Qd6 19. Bb4 Qd7 20. Bxc5 Bxc5 21. Ne4 Bd4 22. Qe2 Nxd5 23. g3 a6 24. a4 Nb6 25. Rfd1 Nxc4 26. Rxc4 Rxc4 27. Qxc4 Rc8 28. Qd3 Qc6 29.
Qf3 f5 30. Ng5 e4 31. Qe2 Bf6 32. h4 Bxg5 33. hxg5 Qc7 34. Kg2 Qc6 35. Rd4 e3+ 36.
Qf3 e2 37. Qxc6 bxc6 0-1

[Event "*** Titled Tuesday Blitz"]
[Site "Chess.com"]
[Date "2021.02.16"]
[Round "4"]
[White "SchmakAttack"]
[Black "julinha97"]
[Result "1-0"]
[WhiteElo "2601"]
[BlackElo "2262"]
[TimeControl "180+1"]
[EndTime "10:41:55 PST"]
[Termination "SchmakAttack won by resignation"]

1. e4 c5 2. Nf3 d6 3. d4 cxd4 4.
Nxd4 Nf6 5. Nc3 g6 6. Be3 Bg7 7. f3 O-O 8. Qd2 Nc6 9. Bc4 Bd7 10. O-O-O Rc8 11. Bb3 Nxd4 12. Bxd4 b5 13. Nd5 Nxd5 14.
Bxg7 Kxg7 15. exd5 a5 16. a3 Kg8 17. g4 b4 18. axb4 axb4 19. h4 Qa5 20. Qd4 Ba4 21.
Kd2 Bxb3 22. cxb3 Rc5 23. Ke3 f5 24. h5 fxg4 25. Qxg4 Qb6 26. Rd4 Rf6 27. hxg6 Rxg6 28. Qf5 e6 29. Qh5 Qa7 30. Kd3 Qa6+ 31. Ke3 Qa7 32.
Kd3 e5 33. Rg4 Rxd5+ 34. Kc2 Qc7+ 35. Kb1 Qg7 36. Rhg1 e4 37. Qxd5+ 1-0

[Event "*** Titled Tuesday Blitz"]
[Site "Chess.com"]
[Date "2021.02.16"]
[Round "4"]
[White "cstevens1"]
[Black "Galileo22"]
[Result "0-1"]
[WhiteElo "2630"]
[BlackElo "2395"]
[TimeControl "180+1"]
[EndTime "10:41:55 PST"]
[Termination "Galileo22 won by resignation"]

1. e4 e6 2. d4 d5 3. Nd2 a6 4. Ngf3 c5 5. exd5 Qxd5 6. Bc4 Qd7 7. dxc5 Bxc5 8. O-O Nf6 9. Qe2 b5 10. Bd3 Bb7 11. Nb3 Bb6 12. Be3 Bxe3 13. Qxe3 Bd5 14. Ne5 Qe7 15. Nd4 Nbd7 16. f4 O-O 17. Rae1 Rfe8 18. Qh3 Nf8 19. f5 Qc5 20. c3 exf5 21. Qxf5 Rad8 22. Qg5 Ng6 23. Kh1 Nxe5 24. Nf5 Ng6 25.
Nh6+ Kf8 26. Qxf6 gxf6 27. Ng4 Rxe1 28. Nxf6 Bxg2+ 29. Kxg2 Rxd3 30. Nxh7+ Kg7 31. Ng5 Rd2+ 32. Kh3 Qd5 33. Ne6+ Qxe6+ 0-1

[Event "*** Titled Tuesday Blitz"]
[Site "Chess.com"]
[Date "2021.02.16"]
[Round "4"]
[White "Vincent_Vega95"]
[Black "oneshot007"]
[Result "1-0"]
[WhiteElo "2694"]
[BlackElo "2503"]
[TimeControl "180+1"]
[EndTime "10:41:56 PST"]
[Termination "Vincent_Vega95 won by resignation"]

1. d4 d5 2. c4 Nc6 3. Nc3 e6 4.
Nf3 Nf6 5. Bf4 Bb4 6. e3 O-O 7. Rc1 Ne7 8. a3 Bxc3+ 9. Rxc3 Ng6 10. Bg5 c6 11. h4 Qb6 12. Bxf6 gxf6 13. h5 Ne7 14.
Bd3 dxc4 15. Bxc4 Nd5 16. Rc2 Kh8 17. g3 f5 18. Ne5 Nf6 19. Kf1 c5 20. dxc5 Qxc5 21.
Nd3 Qe7 22. Ne5 Bd7 23. Qd4 Rfd8 24. Qf4 Be8 25. Kg2 b5 26. Bb3 Rac8 27. Rxc8 Rxc8 28.
h6 Ne4 29. f3 Nc5 30. Bc2 Rd8 31. Rd1 Rxd1 32. Bxd1 Qf6 33. b4 Na6 34. g4 Kg8 35.
e4 Nc7 36. Bc2 Na8 37. g5 Qe7 38. exf5 exf5 39. Qxf5 f6 40. gxf6 1-0

[Event "*** Titled Tuesday Blitz"]
[Site "Chess.com"]
[Date "2021.02.16"]
[Round "4"]
[White "Pintacara"]
[Black "mirochka"]
[Result "1-0"]
[WhiteElo "2498"]
[BlackElo "2276"]
[TimeControl "180+1"]
[EndTime "10:41:56 PST"]
[Termination "Pintacara won on time"]

1. d4 Nf6 2. Bg5 c5 3. d5 Qb6 4. Nc3 Qxb2 5. Bd2 Qb6 6. e4 d6 7. f4 e6 8. Rb1 Qd8 9. Bb5+ Bd7 10. dxe6 fxe6 11. Nf3 Bxb5 12. Rxb5 Qd7 13. e5 Nd5 14.
Nxd5 exd5 15. Qe2 Be7 16. exd6 Qxd6 17. Rxb7 Nd7 18. Qb5 a6 19. Qa4 Rd8 20. Ne5 Bf6 21. Kd1 Bxe5 22. fxe5 Qe6 23. Rf1 Rf8 24. Rxf8+ Kxf8 25. Ba5 Re8 26. Qxd7 Qxd7 27. Rxd7 Rxe5 28. Bc7 Re4 29.
Bd6+ Ke8 30. Rxg7 Ra4 31. Bxc5 Rxa2 32. Rxh7 Ra5 33. Bd4 Ra4 34. c3 Ra2 35. g4 1-0

[Event "*** Titled Tuesday Blitz"]
[Site "Chess.com"]
[Date "2021.02.16"]
[Round "4"]
[White "mary-sanna"]
[Black "AttractiveMustard"]
[Result "0-1"]
[WhiteElo "2039"]
[BlackElo "2382"]
[TimeControl "180+1"]
[EndTime "10:41:58 PST"]
[Termination "AttractiveMustard won on time"]

1. d4 Nf6 2. Bf4 d5 3. e3 c5 4. c3 Nc6 5. Nf3 Qb6 6. Qb3 c4 7. Qxb6 axb6 8. Na3 Ra5 9. Bc7 e6 10. Bxb6 Ra6 11. Bc5 Bxc5 12. dxc5 Ne4 13. Nb5 Ke7 14. Nd2 Nxc5 15. e4 Rd8 16. exd5 exd5 17. Be2 Rb6 18. b4 Na4 19. Nd4 Nxc3 20. Nxc6+ bxc6 21. a3 Bf5 22. Bf3 Bd3 23. Rc1 Na2 24. Ra1 Nc3 25. Rc1 Nb5 26. a4 Nd4 27. a5 Rxb4 28. a6 Ra8 29. Nb1 Bxb1 30. Kd2 Nxf3+ 31. gxf3 Rb2+ 32. Kc3 Rb3+ 33. Kd2 Bd3 34. Rhe1+ Kd6 35. Ra1 Rb2+ 36. Kc3 Rb3+ 37.
Kd2 Kc5 38. a7 Rb2+ 0-1

[Event "*** Titled Tuesday Blitz"]
[Site "Chess.com"]
[Date "2021.02.16"]
[Round "4"]
[White "Mazetovic"]
[Black "Bulldog167"]
[Result "0-1"]
[WhiteElo "2694"]
[BlackElo "2880"]
[TimeControl "180+1"]
[EndTime "10:41:59 PST"]
[Termination "Bulldog167 won by resignation"]

1. e4 e6 2. d3 d5 3. Nd2 c5 4. Ngf3 Nc6 5. g3 Nge7 6. Bg2 g6 7. h4 h6 8. O-O Bg7 9. Re1 O-O 10. c3 b6 11. e5 a5 12. Nf1 b5 13. N1h2 d4 14.
cxd4 cxd4 15. Ng4 Nf5 16. Nf6+ Kh8 17. g4 Nfe7 18. Bf4 Nd5 19. Nxd5 exd5 20. Rc1 Ra6 21.
Qd2 Bxg4 22. Bxh6 Bxf3 23. Bxf3 Qxh4 24. Bg5 Qh3 25. Bg2 Qf5 26. f4 Nb4 27. Bf1 f6 28. Qh2+ Kg8 29. exf6 Qg4+ 30. Kh1 Bxf6 31. Rc7 Qh5 32.
Qxh5 gxh5 33. Bh6 Bh4 34. Bxf8 Bxe1 35. Bxb4 axb4 36. Bg2 Bg3 37. Bxd5+ Kh8 38. f5 Bxc7 0-1

[Event "*** Titled Tuesday Blitz"]
[Site "Chess.com"]
[Date "2021.02.16"]
[Round "4"]
[White "Shahaliyev"]
[Black "tigra"]
[Result "0-1"]
[WhiteElo "2675"]
[BlackElo "2867"]
[TimeControl "180+1"]
[EndTime "10:41:59 PST"]
[Termination "tigra won by resignation"]

1. Nf3 d5 2. c4 d4 3. g3 Nc6 4. d3 e5 5. Bg2 Nf6 6. O-O a5 7.
e3 Be7 8. exd4 exd4 9. Bg5 O-O 10.
Na3 Bg4 11. h3 Be6 12. Re1 h6 13. Bf4 Nd7 14. Nb5 Rc8 15. a3 Nc5 16. Ne5 Nxe5 17.
Bxe5 Bf6 18. Nxd4 Bxe5 19. Nxe6 fxe6 20. Rxe5 Qd4 21. Re2 Rcd8 22. Qc2 a4 23. Rf1 Qxd3 24. Qxd3 Rxd3 25. Rfe1 Rd4 26. Rc2 Rfd8 27. Kf1 Rd2 28. Rec1 Kf7 29. Bf3 Kf6 30. h4 Ke5 31. Ke1 R2d3 32.
Re2+ Kd4 33. Bg2 e5 34. Bf1 e4 35. Rec2 Rf8 36. Be2 c6 37. Rb1 Rb3 38. Rd2+ Nd3+ 39. Bxd3 exd3 40. Rc1 Rf5 41. Kd1 Rc5 42. Ke1 Rxc4 43.
Rcd1 Rc5 44. f3 Ke3 0-1